AoeStats
← KG.专业开脑壳

Socotra

504423596Analyzed
4v4 RM · 26d ago on Sep 5, 2026· 21m 10s· 8 players
Game mode
Random Map
Map size
148×148
Population
200
Speed
Normal
Resources
Standard
Victory
Conquest
Starting age
Dark Age
Ending age
Imperial Age
RankedLock teamsTeams togetherTeam positionsShared explorationLock speedFull tech treeHidden civsTurbo modeCheats
Victory
Defeat
🇹🇼 Khitans · Taiwan
1253
+16
🇨🇳 Burmese · China
1244
+16
🇨🇦 Goths · Canada
1228
+17
🇯🇵 Britons · Japan
1211
+18
🇩🇪 Britons · Germany
1298
-19
🇹🇼 Ethiopians · Taiwan
1273
-18
🇲🇩 Huns · Moldova
1211
-15
🇹🇷 Burgundians · Türkiye
1208
-15
KG.专业开脑壳
6:53 Loom
10:10 Feudal Age
10:20 Man-at-Arms
17:10 Scale Mail Armor
will_evans
2:30 Loom
11:30 Feudal Age
12:31 Man-at-Arms
21:12 Castle Age
20:44 Forging
20:26 Fletching
20:36 Double-Bit Axe
20:44 Horse Collar
kongdu
6:00 Loom
9:54 Feudal Age
14:40 Forging
19:13 Castle Age
18:14 Scale Barding Armor
20:08 Wheelbarrow
19:21 Double-Bit Axe
20:18 Chain Barding Armor
20:30 Husbandry
21:10 Domestication
sada-aki
5:49 Loom
8:31 Feudal Age
9:01 Double-Bit Axe
17:04 Fletching
18:45 Gold Mining
21:24 Padded Archer Armor
[UZN] Yen Lo
1:50 Loom
12:11 Feudal Age
NoYc..
6:55 Loom
9:39 Feudal Age
10:42 Double-Bit Axe
12:23 Fletching
20:27 Horse Collar
铁证如山王洪文
4:51 Loom
4:55 Double-Bit Axe
9:14 Horse Collar
11:59 Feudal Age
16:36 Castle Age
16:11 Bow Saw
16:03 Heavy Plow
Anchorwall
10:22 Feudal Age
10:58 Loom
15:31 Castle Age
15:59 Fletching
16:09 Horse Collar
18:02 Double-Bit Axe
22:01 Wheelbarrow
Connection lost

Rejoining the realm…

Still unreachable

The connection could not be restored.

Session expired

The server has moved on; the page needs a fresh start.